 Dungeon Crawl Stone Soup version 0.28.0-47-ge53b351184 (webtiles) character file.

Game seed: 9074081508730998515

29174 101zpm the Eclecticist (level 13, 0/68 HPs)
             Began as a Djinni Fire Elementalist on May 9, 2022.
             Was an Elder of Hepliaklqana.
             Slain by a two-headed ogre
             ... wielding a +0 giant club
              (19 damage)
             ... on level 2 of the Orcish Mines.
             The game lasted 01:09:51 (24171 turns).

101zpm the Eclecticist (Djinni Fire Elementalist)  Turns: 24171, Time: 01:09:51

Health: 0/68       AC: 20    Str:  7    XL:     13   Next: 79%
Gold:   1806       EV: 11    Int: 29    God:    Hepliaklqana [****..] SH:  0 Dex: 19

rFire   + + .      SeeInvis .   L - +4 scimitar (flame)
rCold   x . .      Faith    .   (no shield)
rNeg    + . .      Spirit   .   J - +4 ring mail of Gallantry {Int+5 Dex+4 Stlth+}
rPois   ∞          Reflect  .   w - +2 helmet {Int+3}
rElec   .          Harm     .   A - +2 cloak
rCorr   .          Rampage  .   (no gloves)
Will    +....                   (boots unavailable)
Stlth   +++.......              (no amulet)
HPRegen 0.21/turn               v - ring of wizardry
MPRegen 0.00/turn               N - ring of Dulu {rN+ AC+4}

@: about to teleport, flying
A: reduced essence, sickness immunity, fire resistance 2, cold vulnerability 1,
float, innate caster, HP casting, extra vitality 1
a: Renounce Religion, Recall Ancestor, Ancestor Identity, Transference, Idealise


You were on level 2 of the Orcish Mines.
You worshipped Hepliaklqana.
Hepliaklqana was greatly pleased with you.
You visited 3 branches of the dungeon, and saw 16 of its levels.

You collected 1806 gold pieces.

Inventory:

Hand Weapons
 f - a +2 vampiric rapier
 L - a +4 scimitar of flaming (weapon)
Missiles
 l - 15 boomerangs
 r - 32 poisoned darts
Armour
 e - an orb of guile
 w - a +2 helmet of intelligence (worn)
 A - a +2 cloak (worn)
 F - the +5 scale mail "Berigh" {rN+ Dex+7}
   (You took it off a gnoll on level 7 of the Dungeon)

   Dex:       It affects your dexterity (+7).
   rN:        It protects you from negative energy.
 I - a +0 troll leather armour
 J - the +4 ring mail of Gallantry (worn) {Int+5 Dex+4 Stlth+}
   (You found it on level 10 of the Dungeon)

   Int:       It affects your intelligence (+5).
   Dex:       It affects your dexterity (+4).
   Stlth:     It makes you more stealthy.
 K - a +2 robe of cold resistance
 M - a +2 robe of willpower
Jewellery
 v - a ring of wizardry (left hand)
 D - a ring of resist corrosion
 N - the ring of Dulu (right hand) {rN+ AC+4}
   (You found it on level 12 of the Dungeon)

   [ring of protection]

   AC:        It affects your AC (+4).
   rN:        It protects you from negative energy.
Wands
 c - a wand of polymorph (9)
 i - a wand of mindburst (12)
 m - a wand of flame (27)
 y - a wand of iceblast (12)
 H - a wand of acid (2)
 O - a wand of charming (7)
Scrolls
 a - 2 scrolls of identify
 b - 2 scrolls of vulnerability
 h - a scroll of silence
 k - a scroll of enchant weapon
 u - 4 scrolls of torment
 B - 2 scrolls of immolation {unknown}
 C - a scroll of fear {unknown}
 E - 2 scrolls of fog
Potions
 d - a potion of curing
 g - 3 potions of haste {unknown}
 j - a potion of flight {unknown}
 n - a potion of brilliance {unknown}
 o - 2 potions of cancellation {unknown}
 p - 2 potions of might
 s - a potion of degeneration {unknown}
 t - 2 potions of lignification {unknown}
 x - 3 potions of heal wounds {unknown}
 z - 2 potions of attraction {unknown}
 G - a potion of ambrosia {unknown}


   Skills:
 + Level 1.0 Fighting
 + Level 5.8 Armour
 + Level 2.8 Dodging
 + Level 4.2 Stealth
 + Level 16.3 Spellcasting


You had 12 spell levels left.
You knew the following spells:

 Your Spells              Type           Power      Damage    Failure   Level
a - Foxfire               Conj/Fire      100%       2x1d9     0%          1
b - Scorch                Fire           100%       2d10      0%          2
c - Conjure Flame         Conj/Fire      87%        6-21      0%          3
d - Inner Flame           Hex/Fire       87%        N/A       0%          3
e - Flame Wave            Conj/Fire      87%        2d15      1%          4
f - Slow                  Hex            100%       N/A       0%          1
g - Ensorcelled Hibernat  Hex/Ice        100%       N/A       0%          2
h - Dazzling Flash        Conj/Hex       100%       N/A       0%          3
i - Hailstorm             Conj/Ice       87%        3d17      1%          4
j - Petrify               Tmut/Erth      87%        N/A       1%          4
k - Iskenderun's Battles  Conj           87%        2d13      1%          5
Your spell library was empty.

Dungeon Overview and Level Annotations

Branches:
Dungeon (13/15)            Temple (1/1) D:7            Lair (0/6) D:11
    Orc (2/2) D:12            Elf (0/3) Orc:2
 Vaults: D:13-14

Altars:
Ashenzari
Cheibriados
Dithmenos
Elyvilon
Fedhas
Gozag
Hepliaklqana
Kikubaaqudgha
Makhleb
Okawaru
Qazlal
Ru
Sif Muna
Trog
Uskayaw
Vehumet
Wu Jian
Xom
Zin
The Shining One
Beogh

Shops:
D:5 (   D:7 =   D:9 *   D:10 (   Orc:1 [

Portals:
Trove: D:11 (give 4 potions of resistance)

Annotations:
D:3 2 runed translucent doors
D:5 2 transporters, Antesink77's ghost, amateur TrBe
D:9 1 runed translucent door


Innate Abilities, Weirdness & Mutations

Your life essence is reduced to manifest your ancestor. (-10% HP)
You are immune to sickness and miasma.
You are immune to poison.
Your flesh is very heat resistant. (rF++)
You are vulnerable to cold. (rC-)
You float through the air rather than walking.
You learn spells naturally, not from books.
Your magical power is your life essence.
You have superior vitality. (+4 MHP)


Message History

The ogre mage is heavily wounded.
The fiery explosion engulfs the ogre!!
You kill the ogre!
Something barely misses Beli-Ashared.
Something hits Beli-Ashared!
Beli-Ashared is destroyed!
The ogre mage is engulfed in blazing flames.
Flame seeps out of the ogre mage.
You hear a shout!
You hear two shouts!
You hear a shout! x3
You hear two shouts!
You hear a shout! x2
Casting: Inner Flame (safe; 0% risk of failure)
Confirm with . or Enter, or press ? or * to list all spells.
Flames lash the two-headed ogre.
Flame seeps out of the two-headed ogre.
The two-headed ogre is lightly wounded.
The two-headed ogre's fire resistance burns away.
You hear a shout! x2; You hear two shouts! x2
The ogre mage is engulfed in blazing flames.
Casting: Scorch (safe; 0% risk of failure)
Confirm with . or Enter, or press ? or * to list all spells.
Okay, then.
Casting: Foxfire (safe; 0% risk of failure)
Press: ? - help, Q - select action, (/) - cycle Dir - look around, f - activate You conjure some foxfire!
The foxfire hits the two-headed ogre.
The two-headed ogre is heavily wounded.
The foxfire hits the two-headed ogre.
The two-headed ogre is heavily wounded.
A two-headed ogre comes into view.
It is wielding a +0 giant club and a +0 giant spiked club.
The two-headed ogre hits you with a +0 giant club!
The two-headed ogre misses you.
The two-headed ogre is no longer more vulnerable to fire.
The two-headed ogre completely misses you.
The two-headed ogre hits you with a +0 giant club.
The two-headed ogre hits you with a +0 giant club!
The two-headed ogre barely misses you.
The two-headed ogre hits you with a +0 giant club. x2
* * * LOW HITPOINT WARNING * * *
As you read the scroll of teleportation, it crumbles to dust.
You feel strangely unstable.
The two-headed ogre hits you with a +0 giant club!!
You die...

##..O........# # ###............#
# #.#......##...... #
###.....O..# ...... .. #
#........### ..... ... #
###........# .... ...### ###
#.#......##.... ...... #.##
#.##...OO...... ...... ####.#
#####..@....... ...... #.#..##
##........#. ...... ###....###
#.##.....### #..... .##....#.##
###........# ##....
.#.....#..######......## ......
.........###.#.......... ......
...........##........... ......
.................................
...................#.............


You could see 2 two-headed ogres and an ogre mage.

Vanquished Creatures
  A boulder beetle (D:12)
  Erica (D:8)
  2 centaur warriors (D:13)
  A catoblepas (D:10)
  2 two-headed ogres
  5 skeletal warriors (D:13)
  2 orc knights
  6 cyclopes
  A deep elf pyromancer (D:13)
  An orc sorcerer (Orc:2)
  A manticore (D:12)
  An elephant (D:11)
  A gargoyle (D:12)
  Psyche (D:8)
  A kobold demonologist (D:12)
  3 freezing wraiths (D:12)
  5 trolls
  A hornet (D:9)
  A vampire (D:12)
  4 yaks
  A basilisk (D:11)
  A steam dragon (D:8)
  6 vampire mosquitoes
  3 wargs
  3 acid dragons
  A water moccasin (D:9)
  2 black bears
  18 orc warriors
  3 sky beasts
  7 ogres
  2 necrophages
  2 centaurs (D:7)
  A phantom (D:4)
  2 kobold brigands
  5 bullfrogs
  A gnoll sergeant (D:9)
  2 scorpions
  14 killer bees
  7 wights
  4 centaur zombies
  18 orc priests
  A hound (D:7)
  4 iguanas
  13 orc wizards
  Natasha (thrice) (D:4)
  4 killer bee zombies
  A hound zombie (D:5)
  Robin (D:4)
  8 gnolls
  9 adders
  2 white imps
  2 ufetubi
  An adder skeleton (D:4)
  2 worms
  2 dart slugs
  74 orcs
  7 ball pythons
  6 bats
  8 endoplasms
  2 giant cockroaches
  16 goblins
  7 hobgoblins
  3 quokkas
  3 frilled lizards (D:3)
  12 kobolds
  4 rats
339 creatures vanquished.

Vanquished Creatures (collateral kills)
  A two-headed ogre (D:10)
  A death knight (D:12)
  An orc high priest (Orc:2)
  An ugly thing (D:11)
  A deep elf pyromancer (D:12)
  An orc sorcerer (Orc:2)
  A manticore (D:10)
  3 trolls
  A wind drake (shapeshifter) (D:10)
  A wraith (D:12)
  3 yaks
  An acid dragon (D:13)
  2 orc warriors
  2 centaurs
  A bullfrog (D:7)
  A scorpion (D:7)
  A killer bee (D:10)
  2 wights
  A gnoll shaman (D:7)
  5 orc wizards
  A mummy (D:12)
  A gnoll (D:9)
  7 orcs
  A kobold (D:9)
41 creatures vanquished.

Vanquished Creatures (others)
  9 battlemagi
  An orc priest (Orc:2)
  An ancestor (D:7)
  An orc (D:12)
  1323 foxfires
  2 plants (D:9)
  2 withered plants (D:12)
1339 creatures vanquished.

Grand Total: 1719 creatures vanquished

Notes
Turn   | Place    | Note
-------+----------+-------------------------------------------
     0 | D:1      | 101zpm the Djinni Fire Elementalist began the quest for the
                  | Orb.
     0 | D:1      | Reached XP level 1. HP: 15/15 MP: 0/0
   115 | D:1      | Reached XP level 2. HP: 9/21 MP: 0/0
  1024 | D:1      | Reached skill level 3 in Spellcasting
  1190 | D:1      | Reached XP level 3. HP: 22/25 MP: 0/0
  1190 | D:1      | Learned a level 1 spell: Slow
  2107 | D:3      | Found a large runed translucent door.
  2107 | D:3      | Found a large runed translucent door.
  2459 | D:3      | Reached XP level 4. HP: 20/31 MP: 0/0
  2904 | D:3      | Reached XP level 5. HP: 23/35 MP: 0/0
  2904 | D:3      | Learned a level 2 spell: Ensorcelled Hibernation
  3084 | D:4      | Reached skill level 4 in Spellcasting
  3432 | D:4      | Noticed Natasha
  3437 | D:4      | Killed Natasha
  3447 | D:4      | Noticed an ogre
  3834 | D:3      | Found a hazy altar of Hepliaklqana.
  3841 | D:3      | Became a worshipper of Hepliaklqana the Forgotten
  3882 | D:3      | Reached XP level 6. HP: 30/40 MP: 0/0
  4213 | D:4      | Reached skill level 5 in Spellcasting
  4691 | D:4      | Noticed Natasha
  4794 | D:4      | Reached XP level 7. HP: 33/45 MP: 0/0
  4794 | D:4      | Learned a level 3 spell: Dazzling Flash
  5147 | D:4      | Killed Natasha
  5523 | D:4      | Found a shadowy altar of Dithmenos.
  5524 | D:4      | Noticed Robin
  5524 | D:4      | Noticed Natasha
  5536 | D:4      | Killed Natasha
  5795 | D:5      | Entered Level 5 of the Dungeon
  5843 | D:5      | Reached skill level 6 in Spellcasting
  6133 | D:5      | Reached XP level 8. HP: 23/50 MP: 0/0
  6516 | D:4      | Reached skill level 7 in Spellcasting
  8493 | D:4      | Killed Robin
  8659 | D:5      | Noticed a hornet
  8660 | D:5      | Noticed Antesink77's ghost (amateur TrBe)
  8708 | D:5      | Found a transporter.
  8972 | D:5      | Found Leiloriz's Weapon Boutique.
  9026 | D:5      | Reached * piety under Hepliaklqana
  9508 | D:5      | Found a transporter.
  9695 | D:6      | Reached skill level 8 in Spellcasting
  9695 | D:6      | Reached XP level 9. HP: 29/49 MP: 0/0
  9695 | D:6      | Learned a level 4 spell: Hailstorm
 10268 | D:6      | Reached ** piety under Hepliaklqana
 10872 | D:7      | Reached skill level 9 in Spellcasting
 10929 | D:7      | Remembered your ancestor Beli-Ashared as a battlemage
 11138 | D:7      | Found a staircase to the Ecumenical Temple.
 11147 | Temple   | Entered the Ecumenical Temple
 11663 | D:7      | Found Athraenim's Jewellery Shoppe.
 12070 | D:7      | Identified the +5 scale mail "Berigh" {rN+ Dex+7}
 12491 | D:8      | Reached skill level 10 in Spellcasting
 12491 | D:8      | Reached XP level 10. HP: 49/54 MP: 0/0
 12637 | D:8      | Found a broken altar of Ashenzari.
 12807 | D:8      | Noticed Psyche
 12810 | D:8      | Killed Psyche
 12930 | D:8      | Noticed Erica
 12937 | D:8      | Killed Erica
 12938 | D:8      | Reached skill level 11 in Spellcasting
 13057 | D:8      | Found an iron altar of Okawaru.
 13716 | D:8      | Reached *** piety under Hepliaklqana
 13771 | D:8      | Found a snail-covered altar of Cheibriados.
 13942 | D:9      | Reached skill level 1 in Armour
 14349 | D:9      | Reached XP level 11. HP: 20/58 MP: 0/0
 14349 | D:9      | Learned a level 4 spell: Petrify
 14674 | D:9      | Found an opulent altar of Gozag.
 14691 | D:9      | Found a shimmering altar of Xom.
 14716 | D:9      | Found a glowing silver altar of Zin.
 14717 | D:9      | Found Zin's Purification Station.
 14948 | D:9      | Reached skill level 12 in Spellcasting
 15082 | D:9      | Found a runed translucent door.
 15529 | D:10     | Entered Level 10 of the Dungeon
 15571 | D:10     | Noticed a catoblepas
 15598 | D:10     | Identified the +4 ring mail of Gallantry {Int+5 Dex+4
                  | Stlth+}
 15621 | D:10     | Noticed a manticore
 15621 | D:10     | Noticed a brown ugly thing
 15834 | D:10     | Noticed a two-headed ogre
 15840 | D:10     | Killed a two-headed ogre
 15862 | D:10     | Noticed a manticore
 15867 | D:10     | Killed a manticore
 16018 | D:10     | Killed a catoblepas
 16125 | D:10     | Noticed a cyclops
 16130 | D:10     | Killed a cyclops
 16157 | D:10     | Noticed an orc knight
 16175 | D:10     | Killed an orc knight
 16531 | D:10     | Reached skill level 13 in Spellcasting
 16853 | D:10     | Found Rumiedwugri's Antique Weapon Emporium.
 17127 | D:11     | Noticed an elephant
 17143 | D:11     | Killed an elephant
 17208 | D:11     | Noticed a green ugly thing
 17215 | D:11     | Killed a green ugly thing
 17216 | D:11     | Reached XP level 12. HP: 14/63 MP: 0/0
 17470 | D:11     | Found a staircase to the Lair.
 17633 | D:11     | Found a portal to a secret trove of treasure.
 17849 | D:12     | Noticed a boulder beetle
 17857 | D:12     | Killed a boulder beetle
 17922 | D:12     | Reached **** piety under Hepliaklqana
 18024 | D:12     | Noticed a death knight
 18303 | D:12     | Noticed a two-headed ogre
 18305 | D:12     | Killed a two-headed ogre
 18306 | D:12     | Reached skill level 14 in Spellcasting
 18324 | D:12     | Killed a death knight
 18803 | D:12     | Identified the ring of Dulu {rN+ AC+4}
 18922 | D:12     | Found a white marble altar of Elyvilon.
 19959 | D:12     | Found a staircase to the Orcish Mines.
 20509 | D:13     | Noticed a skeletal warrior
 20509 | D:13     | Noticed a skeletal warrior
 20517 | D:13     | Noticed a skeletal warrior
 20518 | D:13     | Killed a skeletal warrior
 20518 | D:13     | Killed a skeletal warrior
 20518 | D:13     | Noticed a skeletal warrior
 20519 | D:13     | Reached skill level 15 in Spellcasting
 20520 | D:13     | Noticed a skeletal warrior
 20611 | D:12     | Reached XP level 13. HP: 21/67 MP: 0/0
 20611 | D:12     | Learned a level 5 spell: Iskenderun's Battlesphere
 20899 | D:13     | Reached skill level 5 in Armour
 21272 | D:13     | Noticed a centaur warrior
 21278 | D:13     | Killed a centaur warrior
 21287 | D:13     | Noticed a centaur warrior
 21291 | D:13     | Killed a centaur warrior
 21364 | D:13     | Reached skill level 1 in Fighting
 21657 | Orc:1    | Entered Level 1 of the Orcish Mines
 22015 | Orc:1    | Found Nockiq's Antique Armour Boutique.
 22795 | Orc:2    | Entered Level 2 of the Orcish Mines
 22803 | Orc:2    | Reached skill level 16 in Spellcasting
 22960 | Orc:2    | Paralysed by an orc sorcerer for 3 turns
 23681 | Orc:2    | Found a staircase to the Elven Halls.
 24147 | Orc:2    | Noticed an ogre mage
 24147 | Orc:2    | Noticed an ogre mage
 24171 | Orc:2    | Slain by a two-headed ogre

Illustrated notes

Levels and vault maps discovered:
D:1:      dpeg_arrival_ternary, layout_rooms, minmay_statues_item, hex_large,
          supply_closet_lemuel
D:2:      layout_loops_ring
D:3:      layout_loops_ring, jmf_multi_god_temple2,
          nicolae_hepliaklqana_hippocampus
D:4:      layout_loops_ring, grunt_dithmenos_smoke_and_mirrors,
          minmay_misc_feat_nine_boxes, uniq_robin, uniq_natasha
D:5:      layout_cave_pools, gammafunk_ghost_arena, serial_shops, shop
D:6:      layout_rooms, hex_intersection
D:7:      layout_basic, minmay_temple_entry_stoned_glass, serial_shops,
          kennysheep_mini, minmay_checkerbox
D:8:      layout_loops_corners, mainiacjoe_overflow_alcove_2,
          kennysheep_slug_shrine, mainiacjoe_overflow_cross_hatched,
          nicolae_ossuary_entry_monument, uniq_psyche, uniq_erica
D:9:      gammafunk_indiana_jones, layout_gridville, nicolae_gozag_seed_capital,
          mainiacjoe_overflow_small_starburst, nicolae_vehumet_radiance,
          zin_purify, nrook_campfire
D:10:     minmay_diamond_stairs, layout_basic, serial_shops,
          kennysheep_mini_moat
D:11:     layout_basic, david_lair_generic, enter_trove_6
D:12:     layout_roguey, david_orc_5, serial_undead, serial_undead_c,
          serial_undead_d, serial_undead_f, serial_undead_d, elyvilon_altar_4
D:13:     layout_long_grid, grunt_ministairs_10
Temple:   minmay_temple_curvy_loop
Orc:1:    layout_diamond_mine, serial_shops, nicolae_shop_trees
Orc:2:    st_orc_ogre_mass, layout_diamond_mine

Skill      XL: |  1  2  3  4  5  6  7  8  9 10 11 12 13 |
---------------+----------------------------------------+-----
Spellcasting   | 3 4 5 6 8 10 11 13 15 16 | 16.3
Stealth        | 2 3 4 |  4.2
Armour         | 1 4 5 |  5.8
Fighting       | 1 |  1.0
Dodging        | |  2.8

Action                   |  1- 3 |  4- 6 |  7- 9 | 10-12 | 13-15 || total
-------------------------+-------+-------+-------+-------+-------++-------
Melee: Rapier            |       |       |       |     6 |       ||     6
 Cast: Foxfire           |   116 |    63 |   203 |   263 |   175 ||   820
       Scorch            |    11 |    27 |    49 |    83 |    28 ||   198
       Inner Flame       |       |    28 |    90 |   129 |    52 ||   299
       Conjure Flame     |       |       |     3 |     3 |       ||     6
       Slow              |       |       |     1 |       |       ||     1
       Hailstorm         |       |       |       |     5 |       ||     5
       Petrify           |       |       |       |     1 |       ||     1
       Dazzling Flash    |       |       |       |     1 |       ||     1
       Iskenderun's Batt |       |       |       |       |    25 ||    25
Invok: Ancestor Life: Ba |       |       |     1 |       |       ||     1
       Recall Ancestor   |       |       |       |     1 |     1 ||     2
  Use: Scroll            |       |       |       |     7 |     1 ||     8
Armor: Robe              |     1 |       |     2 |       |       ||     3
       Scale mail        |       |       |       |     7 |       ||     7
       Ring mail         |       |       |       |    11 |     8 ||    19
Dodge: Dodged            |       |     4 |    11 |    16 |     7 ||    38
